 Dungeon Crawl Stone Soup version 0.24.0-37-gcf1ca852f1 (webtiles) character file.

Game seed: 7490638983900199216, levelgen mode: deterministic

347 Amplified the Cudgeler (level 6, -3/52 HPs)
             Began as a Minotaur Wizard on Dec 7, 2019.
             Was a Follower of Cheibriados.
             Slain by an ogre
             ... wielding a +0 giant club
              (5 damage)
             ... on level 4 of the Dungeon.
             The game lasted 00:04:52 (2976 turns).

Amplified the Cudgeler (Minotaur Wizard)            Turns: 2976, Time: 00:04:53

Health: -3/52      AC:  5    Str: 16    XL:     6   Next: 33%
Magic:  9/17       EV: 10    Int: 17    God:    Cheibriados [*.....]
Gold:   47         SH:  7    Dex: 10    Spells: 3/9 levels left

rFire    + . .     SeeInvis .   j - +0 flail (drain)
rCold    + + .     Gourm    .   n - +0 shield
rNeg     . . .     Faith    .   w - +2 robe {rC+}
rPois    +         Spirit   .   b - +0 hat
rElec    +         Reflect  .   f - +0 cloak
rCorr    +         Harm     .   (no gloves)
MR       .....                  (no boots)
Stlth    ++........             (no amulet)
HPRegen  0.17/turn              r - ring of magical power
MPRegen  0.15/turn              (no ring)

@: resistant, very slow
A: retaliatory headbutt, horns 2
a: Bend Time, Renounce Religion


You were on level 4 of the Dungeon.
You worshipped Cheibriados.
Cheibriados was aware of your devotion.
You were not hungry.

You visited 1 branch of the dungeon, and saw 4 of its levels.

You collected 137 gold pieces.
You spent 90 gold pieces at shops.

Inventory:

Hand Weapons
 g - a +1 mace
 j - a +0 flail of draining (weapon)
Missiles
 e - 15 poisoned darts (quivered)
Armour
 b - a +0 hat (worn)
 f - a +0 cloak (worn)
 n - a +0 shield (worn)
 w - a +2 robe of cold resistance (worn)
Jewellery
 r - a ring of magical power (left hand)
Wands
 u - a wand of paralysis (2)
Scrolls
 a - a scroll of blinking {unknown}
 i - 2 scrolls of teleportation
 k - 4 scrolls of remove curse
 m - 4 scrolls of identify
 o - a scroll of fear {unknown}
 p - a scroll of amnesia {unknown}
 t - a scroll of immolation {unknown}
Potions
 s - a potion of curing
 v - a potion of cancellation {unknown}
Comestibles
 d - 7 rations
 h - a chunk of flesh


   Skills:
 * Level 3.7 Fighting
 * Level 3.9 Maces & Flails
 + Level 2.7 Armour
 + Level 3.3 Dodging
 - Level 1.5 Stealth
 - Level 2.1 Spellcasting
 - Level 0.6 Conjurations
   Level 0.6 Summonings
 - Level 0.6 Translocations
 * Level 2.3 Invocations


You had 3 spell levels left.
You knew the following spells:

 Your Spells              Type           Power        Failure   Level  Hunger
a - Magic Dart            Conj           #...         71%         1    #......
b - Blink                 Tloc           N/A          85%         2    ###....
c - Mephitic Cloud        Conj/Pois/Air  #.......     98%         3    ###....

Your spell library contained the following spells:

 Spells                   Type           Power        Failure   Level  Hunger
 Call Imp                 Summ           #.......     85%         2    ###....
 Slow                     Hex            #.......     90%         2    ###....
 Conjure Flame            Conj/Fire      #.......     98%         3    ###....


Dungeon Overview and Level Annotations

Branches:
Dungeon (4/15)
 Temple: D:4-7

Altars:
Cheibriados
Ru
Uskayaw
Vehumet
Zin
The Shining One


Innate Abilities, Weirdness & Mutations

You reflexively headbutt those who attack you in melee.
You have a pair of horns on your head.


Message History

The worker ant closely misses you. You furiously retaliate!
You headbutt the worker ant, but do no damage.
Your shield prevents you from hitting the ogre.
The ogre is lightly wounded.
The worker ant closely misses you.
The ogre hits you with a +0 giant club!!
The worker ant barely misses you. You furiously retaliate!
You headbutt the worker ant.
Your shield prevents you from hitting the ogre.
The ogre is lightly wounded.
The worker ant bites you.
The ogre hits you with a +0 giant club!!
* * * LOW HITPOINT WARNING * * *
The worker ant bites you.
* * * LOW HITPOINT WARNING * * *
As you read the scroll labeled KUETWO GYNIRCH, it crumbles to dust.
The scroll dissolves into smoke.
It was a scroll of fog.
The worker ant closely misses you. The ogre hits you with a +0 giant club.
You die...

.# #...# #....##### .#
#...# #....# .# .# #...#
##....#####.#. .# #...#
#............. .# #...#
##............. .#
#..[###.............. .#
#...##............... .#
#...#................ .#
#...........@O§........ .#
#..[........a§§........
.#####..........§§§........
...........................
#####......................
#......................
#........................
#........................
#........................


You could see an ogre and a worker ant.

Vanquished Creatures
  Sigmund (D:4)
  Crazy Yiuf (D:2)
  An iguana (D:4)
  A hound skeleton (D:4)
  5 adders
  2 worms (D:2)
  4 dart slugs
  A leopard gecko (D:1)
  5 orcs
  4 giant cockroaches
  5 goblins
  7 hobgoblins
  3 jackals (D:1)
  7 bats
  5 frilled lizards
  4 kobolds
  2 rats (D:3)
58 creatures vanquished.

Notes
Turn   | Place    | Note
-------+----------+-------------------------------------------
     0 | D:1      | Amplified the Minotaur Wizard began the quest for the Orb.
     0 | D:1      | Reached XP level 1. HP: 14/14 MP: 2/2
   418 | D:1      | Reached skill level 1 in Fighting
   418 | D:1      | Reached XP level 2. HP: 19/23 MP: 4/4
   534 | D:1      | Reached skill level 1 in Armour
   593 | D:1      | Reached skill level 1 in Maces & Flails
   993 | D:2      | Reached XP level 3. HP: 28/28 MP: 5/5
  1131 | D:2      | Found a snail-covered altar of Cheibriados.
  1186 | D:2      | Became a worshipper of Cheibriados the Contemplative
  1275 | D:2      | Found a runed translucent door.
  1276 | D:2      | Noticed Crazy Yiuf
  1285 | D:2      | Killed Crazy Yiuf
  1285 | D:2      | Reached XP level 4. HP: 25/36 MP: 6/6
  1388 | D:2      | Found a glowing golden altar of the Shining One.
  1632 | D:3      | Learned a level 2 spell: Blink
  1796 | D:3      | Learned a level 3 spell: Mephitic Cloud
  1870 | D:3      | Found a sacrificial altar of Ru.
  1990 | D:3      | Reached skill level 1 in Invocations
  2335 | D:3      | Reached * piety under Cheibriados
  2384 | D:3      | Found Zin's Purification Station.
  2386 | D:3      | Found a glowing silver altar of Zin.
  2389 | D:3      | Bought a potion of curing for 90 gold pieces
  2613 | D:4      | Noticed a +0 dagger
  2614 | D:4      | Noticed a +0 hand axe
  2615 | D:4      | Found a hide-covered altar of Uskayaw.
  2689 | D:4      | Reached XP level 5. HP: 42/42 MP: 7/7
  2694 | D:4      | Noticed an ogre
  2734 | D:4      | Found a radiant altar of Vehumet.
  2930 | D:4      | Noticed Sigmund
  2939 | D:4      | Killed Sigmund
  2939 | D:4      | Reached XP level 6. HP: 52/52 MP: 8/8
  2974 | D:4      | HP: 2/52 [worker ant (3)]
  2976 | D:4      | Slain by an ogre

Levels and vault maps discovered:
D:1:      minmay_arrival_hallway, layout_loops_ring
D:2:      layout_rooms, kennysheep_slug_shrine, tso_metal_star,
          uniq_crazy_yiuf_cottage
D:3:      layout_basic, nicolae_ru_awakened_eye, zin_purify, first_ration
D:4:      layout_basic, lemuel_doored_altar, dancing_weapons_uskayaw,
          minmay_mini_jars, uniq_sigmund

Skill      XL: |  1  2  3  4  5 |
---------------+----------------+-----
Fighting       | 1 2 3 |  3.7
Armour         | 1 2 |  2.7
Maces & Flails | 1 2 3 |  3.9
Invocations    | 1 2 |  2.3
Dodging        | 3 |  3.3
Stealth        | |  1.5
Spellcasting   | |  2.1
Conjurations   | |  0.6
Summonings     | |  0.6
Translocations | |  0.6

Action                   |  1- 3 |  4- 6 || total
-------------------------+-------+-------++-------
Melee: Unarmed           |    19 |       ||    19
       Mace              |    85 |    24 ||   109
       Headbutt          |     4 |    12 ||    16
       Flail             |       |    66 ||    66
Throw: Dart              |     4 |     7 ||    11
 Cast: Magic Dart        |     1 |       ||     1
Invok: Bend Time         |       |     1 ||     1
Evoke: Wand              |       |     5 ||     5
  Use: Scroll            |     2 |     7 ||     9
       Potion            |     2 |     3 ||     5
 Stab: Sleeping          |     1 |       ||     1
       Paralysed         |       |     5 ||     5
  Eat: Chunk             |     1 |     2 ||     3
       Ration            |       |     1 ||     1
Armor: Robe              |    12 |       ||    12
       Ring mail         |    24 |    35 ||    59
       Skin              |    17 |       ||    17
Dodge: Dodged            |    84 |    37 ||   121
Block: Shield            |       |    30 ||    30
